 Seeded DCSS version 0.28.0-45-g0d030f2227 (webtiles) character file.

Game seed: 12475640362900852859 (custom seed)

683 Gelion the Conjurer (level 7, -6/36 HPs)
             Began as a Deep Elf Conjurer on Apr 24, 2022.
             Killed from afar by Blork the orc (9 damage)
             ... with a puff of flame
             ... on level 4 of the Dungeon.
             The game lasted 00:06:59 (4018 turns).

Gelion the Conjurer (Deep Elf Conjurer)             Turns: 4018, Time: 00:07:00

Health: -6/36      AC:  4    Str:  4    XL:     7   Next: 35%
Magic:  11/18      EV: 14    Int: 25    God:
Gold:   115        SH:  0    Dex: 13    Spells: 15/18 levels left

rFire   . . .      SeeInvis .   d - +0 dagger (speed)
rCold   . . .      Faith    .   (no shield)
rNeg    . . .      Spirit   .   a - +0 robe
rPois   .          Reflect  .   h - +0 helmet
rElec   .          Harm     .   m - +0 cloak
rCorr   .          Rampage  .   (no gloves)
Will    .....                   (no boots)
Stlth   ++........              (no amulet)
HPRegen 0.12/turn               (no ring)
MPRegen 0.16/turn               (no ring)

@: no status effects
A: no striking features
a: no special abilities


You were on level 4 of the Dungeon.
You visited 1 branch of the dungeon, and saw 4 of its levels.

You collected 115 gold pieces.

Inventory:

Hand Weapons
 d - a +0 dagger of speed (weapon)
Armour
 a - a +0 robe (worn)
 h - a +0 helmet (worn)
 m - a +0 cloak (worn)
Scrolls
 c - a scroll of noise {unknown}
 e - a scroll of vulnerability {unknown}
 l - a scroll of teleportation
 o - 2 scrolls of enchant weapon {unknown}
 p - 2 scrolls of magic mapping
Potions
 b - a potion of flight {unknown}
 f - 2 potions of curing {unknown}
 g - a potion of cancellation {unknown}
 i - a potion of might
 j - a potion of haste {unknown}
 k - 2 potions of heal wounds
 n - a potion of mutation {unknown}
 q - a potion of lignification {unknown}


   Skills:
 + Level 5.3 Dodging
 - Level 2.4 Stealth
 + Level 6.0 Spellcasting
 * Level 7.7 Conjurations


You had 15 spell levels left.
You knew the following spells:

 Your Spells              Type           Power      Damage    Failure   Level
a - Magic Dart            Conj           100%       1d8       1%          1
b - Searing Ray           Conj           92%        2d7       1%          2

Your spell library contained the following spells:

 Spells                   Type           Power      Damage    Failure   Level
 Dazzling Flash           Conj/Hex       52%        N/A       4%          3
 Fulminant Prism          Conj/Hex       13%        3d9       16%         4
 Iskenderun's Mystic Bla  Conj/Tloc      26%        2d7       16%         4


Dungeon Overview and Level Annotations

Branches:
Dungeon (4/15)
 Temple: D:4-7

Altars:
Fedhas
Okawaru

Shops:
D:3 =

Annotations:
D:4 Blork the orc


Message History

Confirm with . or Enter, or press ? or * to list all spells.
Aiming: Magic Dart (safe; 1% risk of failure)
Press: ? - help, Shift-Dir - straight line, f - Blork the orc
Aim: Blork the orc, wielding a +0 glaive and wearing a +0 robe (fast, 100% to hit)
The magic dart hits Blork the orc but does no damage.
Casting: Magic Dart (safe; 1% risk of failure)
Confirm with . or Enter, or press ? or * to list all spells.
Aiming: Searing Ray (safe; 1% risk of failure)
Press: ? - help, Shift-Dir - straight line, f/p - Blork the orc
Aim: Blork the orc, wielding a +0 glaive and wearing a +0 robe (fast, 84% to hit)
The searing ray hits Blork the orc.
Blork the orc is lightly wounded. (Press . to maintain the ray.) Blork the orc casts a spell at you.
The magic dart hits you! Blork the orc casts a spell at you.
The magic dart hits you.
The searing ray hits Blork the orc.
Blork the orc is moderately wounded.
The searing ray hits Blork the orc!
Blork the orc is heavily wounded.
Blork the orc hits you from afar with a +0 glaive!
* * * LOW HITPOINT WARNING * * *
The searing ray hits Blork the orc!
Blork the orc is almost dead.
You finish channelling your searing ray.
Blork the orc gestures at you while chanting.
The puff of flame hits you!
* * * LOW HITPOINT WARNING * * *
Casting: Searing Ray (safe; 1% risk of failure)
Confirm with . or Enter, or press ? or * to list all spells.
Aiming: Searing Ray (safe; 1% risk of failure)
Press: ? - help, Shift-Dir - straight line, f/p - Blork the orc
Aim: Blork the orc, wielding a +0 glaive and wearing a +0 robe (almost dead, fast, 84% to hit)
The searing ray hits Blork the orc.
Blork the orc is almost dead. (Press . to maintain the ray.) Blork the orc points at you and mumbles some strange words.
The puff of flame hits you!
You die...

*,* *,,,,,,,,,,,,*****,,,, *,*
#.......#*,,,* *,*,* *,*
###.......##**** *,*,* *,*
#..........#**###* *,*,, *,*
#..........#*....* *,*,,
**,***#..........##....***,*,*
*,,,,,.......o.......>,,,,,,,,
******#(............#*****,*,,
#......@....(.# *,*,,
#.............# **,**,
#.............# *,,,,,
##.............# *,##+#
#..............#####,#...
#............)..)..#+#...
#............#####.#.....
#............# #.###...
#.>..........### #.#.'...


You could see Blork the orc (fast).

Vanquished Creatures
  A water moccasin (D:3)
  Duvessa (D:4)
  A necrophage (D:4)
  A scorpion (D:4)
  Dowan (D:4)
  2 hounds (D:3)
  Terence (D:3)
  Natasha (thrice) (D:2)
  Robin (D:3)
  4 adders
  A worm (D:4)
  2 dart slugs (D:3)
  An orc (D:3)
  3 ball pythons
  5 endoplasms
  3 giant cockroaches
  10 hobgoblins
  5 jackals
  2 quokkas (D:1)
  2 bats
  3 frilled lizards
  4 goblins
  7 kobolds
  5 rats
69 creatures vanquished.

Notes
Turn   | Place    | Note
-------+----------+-------------------------------------------
     0 | D:1      | Gelion the Deep Elf Conjurer began the quest for the Orb.
     0 | D:1      | Reached XP level 1. HP: 10/10 MP: 6/6
   377 | D:1      | Reached XP level 2. HP: 15/15 MP: 5/8
   852 | D:1      | Reached skill level 5 in Conjurations
  1205 | D:1      | Reached XP level 3. HP: 19/19 MP: 8/10
  1544 | D:2      | Identified the +7 hunting sling of Dithmenos's Generosity
                  | {venom, Str+4}
  1712 | D:2      | Noticed Natasha
  1716 | D:2      | Killed Natasha
  1812 | D:2      | Noticed Natasha
  1820 | D:2      | Killed Natasha
  1821 | D:2      | Reached XP level 4. HP: 24/24 MP: 4/12
  1824 | D:2      | Learned a level 2 spell: Searing Ray
  1828 | D:2      | Noticed Natasha
  1833 | D:2      | Killed Natasha
  2147 | D:3      | Noticed a water moccasin
  2151 | D:3      | Killed a water moccasin
  2152 | D:3      | Reached skill level 6 in Conjurations
  2152 | D:3      | Reached XP level 5. HP: 28/28 MP: 8/14
  2272 | D:3      | Found an iron altar of Okawaru.
  2278 | D:3      | Reached XP level 6. HP: 32/32 MP: 8/15
  2453 | D:3      | Found a faded altar of an unknown god.
  2497 | D:3      | Found Vyqu's Jewellery Emporium.
  2565 | D:3      | Noticed Robin
  2568 | D:3      | Reached skill level 5 in Spellcasting
  2570 | D:3      | Killed Robin
  2878 | D:3      | Noticed Terence
  2883 | D:3      | Killed Terence
  3416 | D:4      | Reached skill level 7 in Conjurations
  3532 | D:4      | Noticed Duvessa
  3532 | D:4      | Noticed Dowan
  3543 | D:4      | Reached skill level 5 in Dodging
  3543 | D:4      | Reached XP level 7. HP: 36/36 MP: 11/17
  3545 | D:4      | Killed Dowan
  3546 | D:4      | Killed Duvessa
  3926 | D:4      | Found a blossoming altar of Fedhas.
  4010 | D:4      | Noticed Blork the orc
  4018 | D:4      | Killed from afar by Blork the orc

Illustrated notes

Levels and vault maps discovered:
D:1:      dpeg_arrival_shelter, layout_basic, chequers_serial_rivers_micro_a,
          minivault_14, chequers_decorated_corner, kennysheep_decorative_pillar,
          corexii_hall_statues_deadend, hex_medium, nicolae_figureground_sparkle
D:2:      layout_rooms, uniq_natasha
D:3:      layout_loops_ring, old_standard_altar, serial_rivers,
          chequers_serial_rivers_small_b, chequers_serial_rivers_large_b,
          chequers_serial_rivers_large_a, chequers_serial_rivers_micro_d,
          chequers_serial_rivers_room_b, ebering_ecumenical_altar_petrified,
          serial_shops, shop, patterned_corridor, uniq_robin, uniq_terence
D:4:      nicolae_cairo_tiling_large, layout_basic, kennysheep_mini, uniq_ijyb,
          uniq_blork_the_orc, uniq_duvessa, uniq_pikel

Skill      XL: |  1  2  3  4  5  6  7 |
---------------+----------------------+-----
Conjurations   | 5 6 7 |  7.7
Dodging        | 3 4 5 |  5.3
Spellcasting   | 4 5 6 |  6.0
Stealth        | |  2.4

Action                   |  1- 3 |  4- 6 |  7- 9 || total
-------------------------+-------+-------+-------++-------
 Cast: Magic Dart        |    69 |    39 |     4 ||   112
       Searing Ray       |       |     9 |     3 ||    12
  Use: Scroll            |       |     5 |       ||     5
Armor: Robe              |       |     3 |       ||     3
Dodge: Dodged            |     2 |    10 |     2 ||    14
